cohdb
Replays
Latest Replays
All Replays
Popular Replays
Top Player Replays
Match Explorer
How It Works
Community
CoH3 Stats
Reddit
Sign in to upload your games and track your stats! →
Sign in with Steam
Match 25643215
Unlisted
Match 25643215
Overview
Messages
Build Orders
End
Construct Barracks
Selects Airborne Battlegroup
Selects Heavy Machine Gun Paradrop
Heavy Machine Gun Paradrop
Riflemen Squad
Grenade Package
Air Support Center
Selects Paratrooper Squad Paradrop
Paratrooper Squad Paradrop
Paratrooper Squad Paradrop
Grasshopper Recon Run
Construct Motor Pool
Paratrooper Squad Paradrop
M8 Greyhound Armored Car
Selects Anti-tank Gun Team Paradrop
Anti-tank Gun Team Paradrop
Engineer Squad
Construct Tank Depot
Selects Recon Loiter
Selects Supply Drop
Supply Drop
Grasshopper Recon Run
P-47 Dive Bomb
M4(105) Sherman Bulldozer
Recon Loiter
Eliasga89
PAUG.S®
Jonatanga
Eber
Atrol
TheIllnessX
Sasha
V.a.lacky
0
0
Comments
sign in to comment!
No comments posted yet!